 Dungeon Sprint DCSS version 0.26-a0-466-g989023bd0d (webtiles) character file.

Game seed: 5510383867220278160

268 jt the Bringer of Light (level 10, -1/74 HPs)
             Began as a Formicid Fighter on July 29, 2020.
             Was the Champion of the Shining One.
             Slain by a wolf spider (12 damage)
             ... in the Dungeon (Sprint VI: "Thunderdome").
             The game lasted 00:07:01 (723 turns).

jt the Bringer of Light (Formicid Fighter)           Turns: 723, Time: 00:07:01

Health: -1/74      AC:  7    Str: 23    XL:     10   Next: 11%
Magic:  15/20      EV:  9    Int:  7    God:    the Shining One [******]
Gold:   371        SH: 12    Dex: 12    Spells: 9/9 levels left

rFire    + . .     SeeInvis +   h - +1 battleaxe (vorpal)
rCold    . . .     Faith    .   c - +0 kite shield
rNeg     + + +     Spirit   .   b - +0 scale mail
rPois    +         Reflect  .   (helmet unavailable)
rElec    .         Harm     .   (no cloak)
rCorr    .                      (no gloves)
MR       +....                  (no boots)
Stlth    ..........             o - amulet "Zimmisuy" {Inacc Int+2}
HPRegen  0.22/turn              n - ring of Guix {Fire Dex+2 SInv}
MPRegen  0.17/turn              p - ring "Vuaqucu" {rPois rC+ Int-4} (curse)

@: glowing
A: permanent stasis, dig shafts and tunnels, four strong arms, antennae 3
}: 1/15 runes: decaying
a: Dig, Divine Shield, Cleansing Flame, Summon Divine Warrior, Brand Weapon With
Holy Wrath, Renounce Religion


You were in the Dungeon.
You worshipped the Shining One.
The Shining One was exalted by your worship.
You visited 1 branch You collected 590 gold pieces.
You spent 219 gold pieces at shops.

Inventory:

Hand Weapons
 a - a +0 war axe
 h - a +1 vorpal battleaxe (weapon)
Armour
 b - a +0 scale mail (worn)
 c - a +0 kite shield (worn)
Jewellery
 n - the ring of Guix (left hand) {Fire Dex+2 SInv}
   (You bought it in a shop in the Dungeon)

   [ring of fire]

   It enhances your fire magic.
   It affects your dexterity (+2).
   It protects you from fire.
   It makes you vulnerable to cold.
   It lets you see invisible.
 o - the amulet "Zimmisuy" (around neck) {Inacc Int+2}
   (You bought it in a shop in the Dungeon)

   [amulet of inaccuracy]

   It reduces the accuracy of all your attacks.
   It affects your intelligence (+2).
 p - the cursed ring "Vuaqucu" (right hand) {rPois rC+ Int-4}
   (You bought it in a shop in the Dungeon)

   [ring of intelligence]

   It affects your intelligence (-4).
   It protects you from cold.
   It protects you from poison.
   It has a curse placed upon it.
Scrolls
 j - 2 scrolls of blinking
 k - 3 scrolls of fog
Potions
 d - a potion of might
 e - 5 potions of curing
 g - 2 potions of magic
 m - 2 potions of haste


   Skills:
 - Level 5.1 Fighting
 + Level 12.9 Axes
 - Level 5.1 Armour
 - Level 9.0 Shields
 + Level 13.6 Invocations
   Level 6.6 Evocations


You had 9 spell levels left.
You didn't know any spells.
Your spell library was empty.

Dungeon Overview and Level Annotations

Branches:
Dungeon (1/1)

Altars:
Cheibriados
Dithmenos
Fedhas
Gozag
Kikubaaqudgha
Makhleb
Okawaru
Qazlal
Ru
Sif Muna
Trog
Uskayaw
Vehumet
Wu Jian
Xom
Yredelemnul
Zin
The Shining One
Beogh
Jiyva
Lugonu

Shops:
D *[??*?*:[((!!!!


Innate Abilities, Weirdness & Mutations

You cannot be hasted, slowed, berserked, paralysed or teleported.
You can dig through walls and to a lower floor.
Your four strong arms can wield two-handed weapons with a shield.
You have a pair of large antennae on your head. (SInv)


Message History

The wolf spider hits you!
* * * LOW HITPOINT WARNING * * *
The wolf spider closely misses you.
Unknown command.
You feel much better. The wolf spider hits you!!
* * * LOW HITPOINT WARNING * * *
The wolf spider closely misses you. x2; You block the wolf spider's attack.
Unknown command.
The golden flame engulfs you but does no damage.
You resist.
The golden flame engulfs the wolf spider!!!
The wolf spider is heavily wounded.
The golden flame engulfs the wolf spider!
The wolf spider is moderately wounded.
You block the wolf spider's attack. x2; The wolf spider hits you!
* * * LOW HITPOINT WARNING * * *
The wolf spider barely misses you. The wolf spider hits you!!
The Shining One protects you from harm! The wolf spider bites you!
You die...

###.........### #⌠...........⌠#
######.8.........8.######
##.___......###......___∩##
###∩........8.# #[8........∩###
##......{......###.............#
#§........§.###...###..{.......⌠
#⌠........{{# #.<.# #..........⌠
#⌠..........###@..###..v.......⌠
##...........ys###.............#
###∩........8s# #.8.[......∩###
##∩___......###.......__∩##
######.8.........8.######
#⌠...........⌠# ###.........###
#........_# #_......._#


You could see 2 wolf spiders and a moth of wrath.

Vanquished Creatures
  An air elemental (D)
  2 steam dragons (D)
  An insubstantial wisp (D)
  A sky beast (D)
  A scorpion (D)
  6 vampire bats (D)
  A crimson imp (D)
  An iron imp (D)
  A lightning spire (D)
  2 shadow imps (D)
  2 ufetubi (D)
  A worm (D)
  3 giant cockroaches (D)
23 creatures vanquished.

Vanquished Creatures (collateral kills)
  A wizard (D)
1 creature vanquished.

Grand Total: 24 creatures vanquished

Notes
Turn   | Place    | Note
-------+----------+-------------------------------------------
     0 | D        | jt the Formicid Fighter began the quest for the Orb.
     0 | D        | Reached XP level 1. HP: 18/18 MP: 1/1
     3 | D        | Found a snail-covered altar of Cheibriados.
     4 | D        | Found an opulent altar of Gozag.
     4 | D        | Found a hide-covered altar of Uskayaw.
     5 | D        | Found a shimmering altar of Xom.
     5 | D        | Found a shadowy altar of Dithmenos.
     5 | D        | Round 1.
     6 | D        | Found Ovvetu's Identification Station.
     6 | D        | Found a bloodstained altar of Trog.
     6 | D        | Found an iron altar of Okawaru.
     7 | D        | Found Zuar's Advanced Armour.
     7 | D        | Found Fadorer's Jewellery.
    31 | D        | Bought a glittering granite ring for 45 gold pieces
    31 | D        | Bought a faintly glowing amethyst amulet for 45 gold pieces
    31 | D        | Bought a steaming bone ring for 45 gold pieces
    31 | D        | Identified the ring of Guix {Fire Dex+2 SInv} (You bought
                  | it in a shop in the Dungeon)
    37 | D        | Identified the amulet "Zimmisuy" {Inacc Int+2} (You bought
                  | it in a shop in the Dungeon)
    37 | D        | Identified the cursed ring "Vuaqucu" {rPois rC+ Int-4} (You
                  | bought it in a shop in the Dungeon)
    42 | D        | Found a glowing golden altar of the Shining One.
    44 | D        | Found a basalt altar of Yredelemnul.
    44 | D        | Found Huerifott's Magic Scroll Shop.
    44 | D        | Found Vigieb's Magic Scroll Shop.
    45 | D        | Found Peniu's Must-Have Magic.
    47 | D        | Became a worshipper of the Shining One
    49 | D        | Found a viscous altar of Jiyva.
    49 | D        | Found a corrupted altar of Lugonu.
    49 | D        | Found a shimmering blue altar of Sif Muna.
    49 | D        | Found Abageb's Staff Store.
    59 | D        | Noticed a scorpion
    66 | D        | Killed a scorpion
    66 | D        | Reached XP level 2. HP: 16/24 MP: 2/2
    66 | D        | Reached XP level 3. HP: 19/29 MP: 3/3
    66 | D        | Reached XP level 4. HP: 23/35 MP: 4/4
    68 | D        | Found an ancient bone altar of Kikubaaqudgha.
    70 | D        | Found an ornate altar of the Wu Jian Council.
    70 | D        | Found a glowing silver altar of Zin.
    71 | D        | Found Ascha's Distillery.
    72 | D        | Found Pegaleep's Distillery.
    72 | D        | Found Hedwos's Bottled Wisdom.
    78 | D        | Found a sacrificial altar of Ru.
    79 | D        | Found a stormy altar of Qazlal.
    79 | D        | Found Eresumef's Do-It-Yourself Clinic.
    80 | D        | Arena points: 12 (+12) [x2]
    86 | D        | Found a roughly hewn altar of Beogh.
    87 | D        | Found a blossoming altar of Fedhas.
   115 | D        | Found a burning altar of Makhleb.
   116 | D        | Round 2.
   117 | D        | Reached * piety under the Shining One
   120 | D        | Reached ** piety under the Shining One
   129 | D        | Reached skill level 5 in Axes
   131 | D        | Reached *** piety under the Shining One
   139 | D        | Bought 4 potions of curing for 84 gold pieces
   161 | D        | Reached **** piety under the Shining One
   161 | D        | Reached skill level 5 in Evocations
   161 | D        | Reached XP level 5. HP: 41/41 MP: 5/5
   168 | D        | Arena points: 54 (+42) [x3]
   178 | D        | Found a radiant altar of Vehumet.
   181 | D        | Found Unagruewn's Premium Goods.
   181 | D        | Found Pacaefae's Miscellaneous Merchandise.
   182 | D        | Found Jytask Oclu's Basic Armour.
   183 | D        | Found Exyasanant's Weapon Rack.
   196 | D        | Round 3.
   197 | D        | Noticed a sky beast
   211 | D        | Killed a sky beast
   211 | D        | Reached skill level 3 in Invocations
   211 | D        | Reached XP level 6. HP: 37/47 MP: 5/8
   265 | D        | Noticed an air elemental
   269 | D        | Killed an air elemental
   269 | D        | Reached skill level 7 in Invocations
   269 | D        | Reached XP level 7. HP: 23/52 MP: 8/12
   271 | D        | Noticed a steam dragon
   271 | D        | Reached ***** piety under the Shining One
   273 | D        | Noticed an insubstantial wisp
   282 | D        | Killed a steam dragon
   282 | D        | Reached skill level 9 in Invocations
   307 | D        | Noticed a steam dragon
   314 | D        | Killed a steam dragon
   314 | D        | Reached skill level 10 in Axes
   314 | D        | Reached skill level 10 in Invocations
   317 | D        | Arena points: 72 (+18) [x1]
   332 | D        | Round 4.
   338 | D        | Reached XP level 8. HP: 29/58 MP: 15/15
   362 | D        | Reached ****** piety under the Shining One
   416 | D        | Reached skill level 11 in Invocations
   437 | D        | Arena points: 128 (+56) [x2]
   486 | D        | Round 5.
   502 | D        | Noticed an eight-headed hydra
   507 | D        | Noticed a witch
   525 | D        | Noticed a six-headed hydra
   527 | D        | Noticed a five-headed hydra
   533 | D        | Noticed a six-headed hydra
   539 | D        | Noticed a five-headed hydra
   541 | D        | Killed a witch
   541 | D        | Arena points: 268 (+140) [x4]
   541 | D        | Reached skill level 13 in Invocations
   541 | D        | Reached XP level 9. HP: 30/64 MP: 6/18
   542 | D        | Got a decaying rune of Zot
   711 | D        | Round 6.
   712 | D        | Noticed a wolf spider
   712 | D        | Reached skill level 5 in Fighting
   712 | D        | Reached skill level 5 in Armour
   712 | D        | Reached XP level 10. HP: 74/74 MP: 18/20
   716 | D        | Noticed a wolf spider
   717 | D        | Noticed a moth of wrath
   718 | D        | Noticed a wolf spider
   719 | D        | HP: 2/74 [wolf spider (7)]
   719 | D        | Noticed a wolf spider
   723 | D        | The Shining One protects you from harm!
   723 | D        | Slain by a wolf spider

Illustrated notes

Levels and vault maps discovered:
D:        arena_sprint

Skill      XL: |  1  2  3  4  5  6  7  8  9 |
---------------+----------------------------+-----
Shields        | 6 7 8 9 |  9.0
Axes           | 4 5 7 8 10 12 | 12.9
Evocations     | 3 5 6 |  6.6
Invocations    | 3 7 10 13 | 13.6
Fighting       | 5 |  5.1
Armour         | 5 |  5.1

Action                   |  1- 3 |  4- 6 |  7- 9 | 10-12 || total
-------------------------+-------+-------+-------+-------++-------
Melee: War axe           |     7 |    37 |    38 |       ||    82
       Battleaxe         |       |       |       |     5 ||     5
Invok: Divine Shield     |       |       |     1 |       ||     1
       Summon Divine War |       |       |     1 |       ||     1
       Cleansing Flame   |       |       |       |     1 ||     1
Evoke: Wand              |     2 |     2 |     6 |       ||    10
  Use: Potion            |     1 |     1 |     3 |     2 ||     7
       Scroll            |     1 |       |       |       ||     1
Armor: Scale mail        |       |    13 |    13 |     1 ||    27
Dodge: Dodged            |       |    11 |    12 |     7 ||    30
Block: Kite shield       |     4 |    17 |    15 |     8 ||    44

Table legend: (Time is in decaauts)
 A = Elapsed time spent in this place.
 B = Non-inter-level travel time spent in this place.
 C = Inter-level travel time spent in this place.
 D = Time resting spent in this place.
 E = Time spent auto-exploring this place.
 F = Levels seen in this place.
 G = Mean time per level.
                   A        B        C        D        E       F      G
               +--------+--------+--------+--------+--------+-----+--------+
         Total |    733 |    733 |      0 |     42 |    278 |   1 |  733.0 |
       Dungeon |    733 |    733 |      0 |     42 |    278 |   1 |  733.0 |
               +--------+--------+--------+--------+--------+-----+--------+

Top non-repeatable levels by time:
       D: 733 daAuts
